 Dungeon Crawl Stone Soup version 0.30-a0-1123-gabc949cf19 (webtiles) character file.

Game seed: 13611569522071854693

73 jtron the Chopper (level 4, 0/42 HPs)
             Began as an Ogre Wanderer on Apr 23, 2023.
             Slain by Natasha (7 damage)
             ... on level 2 of the Dungeon.
             The game lasted 00:03:11 (1373 turns).

jtron the Chopper (Ogre Wanderer)                   Turns: 1373, Time: 00:03:12

Health: 0/42       AC:  3    Str: 17    XL:     4   Next: 27%
Magic:  9/9        EV:  9    Int: 15    God:
Gold:   74         SH:  0    Dex:  7    Spells: 10/10 levels left

rFire   . . .        a - +0 morningstar
rCold   . . .        (no shield)
rNeg    . . .        d - +0 robe
rPois   .            (helmet restricted)
rElec   .            (no cloak)
rCorr   .            (gloves unavailable)
SInv    .            (boots unavailable)
Will    .....        (no amulet)
Stlth   +            (no ring)
HPRegen 0.27/turn    (no ring)
MPRegen 0.11/turn

%: no passive effects
@: mighty
A: large, unfitting armour, tough skin 1
a: no special abilities


You were on level 2 of the Dungeon.
You visited 1 branch of the dungeon, and saw 2 of its levels.

You collected 74 gold pieces.

Inventory:

Hand Weapons
 a - a +0 morningstar (weapon)
 b - a +0 longbow
 o - a +2 hand axe
Missiles
 h - 5 stones
Armour
 d - a +0 robe (worn)
Wands
 k - a wand of polymorph (5) (quivered)
Scrolls
 e - a scroll of enchant armour {unknown}
 f - a scroll of identify
 j - a scroll of poison {unknown}
 m - a scroll of fear {unknown}
 n - a scroll of enchant weapon {unknown}
Potions
 g - a potion of flight
 i - a potion of cancellation {unknown}
 l - a potion of curing {unknown}


   Skills:
 + Level 2.3 Fighting
 - Level 4.9(5.0) Axes
 * Level 0.5(2.8) Maces & Flails
 + Level 0.3 Ranged Weapons
 + Level 1.0 Dodging
 + Level 3.7 Spellcasting
 + Level 1.0 Air Magic
 + Level 1.0 Evocations


You had 10 spell levels left.
You didn't know any spells.
Your spell library contained the following spells:

 Spells                   Type           Power      Damage    Failure   Level
 Poisonous Vapours        Pois/Air       8%         N/A       22%         2
 Cigotuvi's Dreadful Rot  Necr/Pois/Air  6%         N/A       24%         2


Dungeon Overview and Level Annotations

Branches:
Dungeon (2/15)

Altars:

Shops:
D:1 [

Annotations:
D:2 Natasha


Innate Abilities, Weirdness & Mutations

You are too large for most types of armour.
You have tough skin. (AC +1)


Message History

As you read the scroll labelled VIAXTA NECH, it crumbles to dust.
It is a scroll of identify.
g - a potion of flight The cerulean imp disappears in a puff of smoke!
a - a +0 morningstar (weapon)
Natasha closely misses you. The cerulean imp misses you.
You barely miss Natasha.
Natasha is severely wounded.
Natasha claws you. The cerulean imp barely misses you. Natasha claws you!
* * * LOW HITPOINT WARNING * * *
You barely miss Natasha.
Natasha is heavily wounded.
The cerulean imp disappears in a puff of smoke!
Natasha barely misses you.
The cerulean imp hits you from afar with a +1 spear.
* * * LOW HITPOINT WARNING * * *
It was a potion of might.
You feel very mighty all of a sudden. Natasha barely misses you.
The cerulean imp hits you but does no damage.
You thump Natasha!
You kill Natasha!
Natasha yowls pathetically as she dies!
The cerulean imp disappears in a puff of smoke!
Your Dodging skill increases to level 1!
You have reached level 4!
You start resting.
Natasha, Servant of Life and Death comes into view.
Natasha is nearby!
You see here the felid corpse of Natasha.
Natasha hisses angrily.
Natasha stares at you and mumbles some strange words.
The magic dart hits you!
* * * LOW HITPOINT WARNING * * *
You see here the felid corpse of Natasha.
You closely miss Natasha.
Natasha howls an incantation.
Natasha shimmers violently.
Natasha claws you!
You die...

#.#...# ###†.#.
#.....# ####...##.
#...######....###.)
#......[..####...#
#.#######....###..
#.# ####...##. #.#
###..#. #†# ##.##
#@# #..# #h# ##.#
#.# #.# #.. #.. #.##
# ##. ... ...# #
#.###†
#.###..####.#.#.#.
###...........h...#.
#........# #.....#.


You could see Natasha.

Vanquished Creatures
  Natasha (D:2)
  3 dart slugs (D:1)
  2 ball pythons (D:1)
  3 endoplasms (D:1)
  3 giant cockroaches (D:1)
  3 hobgoblins
  5 jackals
  3 kobolds
  2 quokkas (D:1)
  3 bats (D:1)
  3 frilled lizards
  3 goblins (D:1)
  5 rats
39 creatures vanquished.

Notes
Turn   | Place    | Note
-------+----------+-------------------------------------------
     0 | D:1      | jtron the Ogre Wanderer began the quest for the Orb.
     0 | D:1      | jtron set off with the following items: a +2 hand axe, a
                  | wand of polymorph (5), a potion of invisibility, a +0 robe;
                  | and the following spells available to memorise: Poisonous
                  | Vapours, Cigotuvi's Dreadful Rot.
     0 | D:1      | Reached XP level 1. HP: 19/19 MP: 5/5
   153 | D:1      | Reached XP level 2. HP: 5/27 MP: 6/6
   539 | D:1      | Reached XP level 3. HP: 33/33 MP: 8/8
   765 | D:1      | Found Qiuh's Armour Boutique.
  1339 | D:2      | Noticed Natasha
  1357 | D:2      | Killed Natasha
  1358 | D:2      | Reached skill level 1 in Dodging
  1358 | D:2      | Reached XP level 4. HP: 12/42 MP: 9/9
  1366 | D:2      | Noticed Natasha
  1373 | D:2      | Slain by Natasha

Illustrated notes

Levels and vault maps discovered:
D:1:      wander_arrival_abandoned_jail, layout_basic, serial_shops,
          nicolae_shop_behind_doors, serial_aquarium, aquarium_bridge_straight
          [aquarium_subvault_bridge, aquarium_subvault_wall,
          aquarium_subvault_bridge, aquarium_subvault_window],
          aquarium_bridge_straight [aquarium_subvault_bridge,
          aquarium_subvault_wall, aquarium_subvault_bridge,
          aquarium_subvault_window], aquarium_window_1, aquarium_window_fake,
          aquarium_view_2e, aquarium_view_2c, aquarium_balcony_3a
D:2:      minmay_general_purpose_star, layout_loops_ring,
          uniq_crazy_yiuf_cottage, uniq_natasha

Skill      XL: |  1  2  3 |
---------------+----------+-----
Fighting       | 2 |  2.3
Dodging        | 1 |  1.0
Axes           | |  4.9
Maces & Flails | |  0.5
Ranged Weapons | |  0.3
Spellcasting   | |  3.7
Air Magic      | |  1.0
Evocations     | |  1.0

Action                     |  1- 3 |  4- 6 || total
---------------------------+-------+-------++-------
  Melee: Hand axe          |   107 |       ||   107
         Morningstar       |     7 |     1 ||     8
   Fire: Longbow           |    12 |       ||    12
    Use: Potion            |     2 |       ||     2
         Scroll            |     1 |       ||     1
   Stab: Invisible         |     1 |       ||     1
 Armour: Robe              |    35 |       ||    35
  Dodge: Dodged            |    69 |       ||    69

Table legend: (Time is in decaauts)
 A = Elapsed time spent in this place.
 B = Non-inter-level travel time spent in this place.
 C = Inter-level travel time spent in this place.
 D = Time resting spent in this place.
 E = Time spent auto-exploring this place.
 F = Levels seen in this place.
 G = Mean time per level.
                   A        B        C        D        E       F      G
               +--------+--------+--------+--------+--------+-----+--------+
         Total |   1387 |   1302 |     85 |    181 |    810 |   2 |  693.5 |
       Dungeon |   1387 |   1302 |     85 |    181 |    810 |   2 |  693.5 |
               +--------+--------+--------+--------+--------+-----+--------+

Top non-repeatable levels by time:
     D:1: 1124 daAuts
     D:2: 262 daAuts
